 Seeded DCSS version 0.28.0-62-gf88900778d (webtiles) character file.

Game seed: 13591998346360536447 (custom seed)

2290 Psyclone the Destroyer (level 9, -2/56 HPs)
             Began as an Octopode Conjurer on Oct 23, 2023.
             Was an Initiate of Gozag.
             Killed by divine providence
             ... invoked by an orc priest
              (14 damage)
             ... on level 10 of the Dungeon.
             The game lasted 00:07:12 (2776 turns).

Psyclone the Destroyer (Octopode Conjurer)          Turns: 2776, Time: 00:07:12

Health: -2/56      AC: 10    Str:  2    XL:     9   Next: 40%
Magic:  14/28      EV: 13    Int: 36    God:    Gozag
Gold:   113        SH:  0    Dex: 20    Spells: 14/21 levels left

rFire   + + +      SeeInvis +   c - +3 Elemental Staff {rElec rF++ rC++ AC+5}
rCold   + + +      Faith    .   (no shield)
rNeg    + + +      Spirit   .   d - -2 hat of the Alchemist {rElec rPois rF+ rC+ rN+ Will+ rMut rCorr}
rPois   +          Reflect  .   v - amulet of the Four Winds {rN+ Will+++ Clar}
rElec   +          Harm     .   b - ring "Xiagas" {rElec rCorr MP+9 AC+4 Dex+4 SInv}
rCorr   +          Rampage  .   f - ring "Vyohe" {rC+ Int+6 Dex+2 SInv Stlth+}
rMut    +          Clarity  +   s - ring of the Postmodern Hells {rN+ Str-5 Int+6 Dex+4}
Will    ++++.                   (no ring)
Stlth   ++++......              (no ring)
HPRegen 0.18/turn               (no ring)
MPRegen 0.21/turn               (no ring)
                                (no ring)

@: no status effects
A: almost no armour, amphibious, 8 rings, camouflage 1, gelatinous body 1,
(nimble swimmer 1), tentacles, iridescent scales 1, robust 1, noise suppression
a: Renounce Religion, Potion Petition, Call Merchant, Bribe Branch


You were on level 10 of the Dungeon.
You worshipped Gozag.
Gozag was aware of your devotion.
You visited 1 branch of the dungeon, and saw 11 of its levels.

You collected 4469 gold pieces.
You spent 1282 gold pieces at shops.
You paid 3074 gold pieces to Gozag.

Inventory:

Hand Weapons
 a - a +0 dagger
 c - the +3 Elemental Staff (weapon) {rElec rF++ rC++ AC+5}
   (You acquired it on level 2 of the Dungeon)

   If the wielder is skilled in Evocations, they can discharge powerful blasts
   of elemental energy when striking with it.
   It enhances your fire, ice, earth and air magic.
   AC:        It affects your AC (+5).
   rF:        It greatly protects you from fire.
   rC:        It greatly protects you from cold.
   rElec:     It insulates you from electricity.
Armour
 d - the -2 hat of the Alchemist (worn) {rElec rPois rF+ rC+ rN+ Will+ rMut rCorr}
   (You acquired it on level 2 of the Dungeon)

   rF:        It protects you from fire.
   rC:        It protects you from cold.
   rElec:     It insulates you from electricity.
   rPois:     It protects you from poison.
   rN:        It protects you from negative energy.
   rCorr:     It protects you from acid and corrosion.
   rMut:      It protects you from mutation.
   Will:      It increases your willpower.
Jewellery
 b - the ring "Xiagas" (left tentacle) {rElec rCorr MP+9 AC+4 Dex+4 SInv}
   (You acquired it on level 2 of the Dungeon)

   [ring of protection]

   AC:        It affects your AC (+4).
   Dex:       It affects your dexterity (+4).
   rElec:     It insulates you from electricity.
   MP:        It affects your magic capacity (+9).
   SInv:      It lets you see invisible.
   rCorr:     It protects you from acid and corrosion.
 f - the ring "Vyohe" (right tentacle) {rC+ Int+6 Dex+2 SInv Stlth+}
   (You acquired it on level 4 of the Dungeon)

   [ring of intelligence]

   Int:       It affects your intelligence (+6).
   Dex:       It affects your dexterity (+2).
   rC:        It protects you from cold.
   SInv:      It lets you see invisible.
   Stlth:     It makes you more stealthy.
 j - an amulet of reflection
 s - the ring of the Postmodern Hells (on tentacle) {rN+ Str-5 Int+6 Dex+4}
   (You acquired it on level 11 of the Dungeon)

   [ring of intelligence]

   Str:       It affects your strength (-5).
   Int:       It affects your intelligence (+6).
   Dex:       It affects your dexterity (+4).
   rN:        It protects you from negative energy.
 v - the amulet of the Four Winds (around mantle) {rN+ Will+++ Clar}
   (You bought it in a shop on level 11 of the Dungeon)

   [amulet of nothing]

   rN:        It protects you from negative energy.
   Clar:      It protects you against confusion.
   Will:      It greatly increases your willpower.
Wands
 g - a wand of mindburst (17)
 i - a wand of flame (30)
 l - a wand of iceblast (5)
 q - a wand of paralysis (9)
Scrolls
 e - 3 scrolls of identify {unknown}
 m - a scroll of amnesia {unknown}
 p - a scroll of blinking {unknown}
 r - a scroll of immolation {unknown}
 u - a scroll of teleportation
Potions
 h - a potion of ambrosia {unknown}
 k - a potion of curing {unknown}
 n - a potion of haste {unknown}
 o - 2 potions of brilliance {unknown}
 t - a potion of mutation


   Skills:
 - Level 2.0 Dodging
 - Level 2.6 Stealth
 + Level 6.9 Spellcasting
 + Level 10.7 Conjurations


You had 14 spell levels left.
You knew the following spells:

 Your Spells              Type           Power      Damage    Failure   Level
a - Magic Dart            Conj           100%       1d8       1%          1
b - Searing Ray           Conj           100%       2d8       1%          2
d - Fulminant Prism       Conj/Hex       25%        3d14      3%          4

Your spell library contained the following spells:

 Spells                   Type           Power      Damage    Failure   Level
 Dazzling Flash           Conj/Hex       100%       N/A       1%          3
 Iskenderun's Mystic Bla  Conj/Tloc      50%        2d11      3%          4


Dungeon Overview and Level Annotations

Branches:
Dungeon (11/15)               Orc (0/2) D:10
 Temple: D:4-7         Lair: D:8-11

Altars:
Gozag
Okawaru
Sif Muna
The Shining One

Shops:
D:11 ====*

Annotations:
D:5 Menkaure


Innate Abilities, Weirdness & Mutations

You cannot wear most types of armour.
You are amphibious.
You can wear up to eight rings at the same time.
Your skin changes colour to match your surroundings (Stealth+).
Your rubbery body absorbs attacks. (AC +1, EV +1)
((You are camouflaged when in or above water. (Stealth+)))
You have tentacles for arms and can constrict up to eight enemies at once.
You are partially covered in iridescent scales. (AC +2)
You are robust. (+10% HP)
You passively dampen the noise of your surroundings.


Message History

The searing ray hits the vampire mosquito.
You destroy the vampire mosquito!
The vampire mosquito bites you but does no damage.
You now have 17/28 mp.
The searing ray hits the vampire mosquito!
The vampire mosquito is heavily damaged.
The vampire mosquito bites you!
* * * LOW HITPOINT WARNING * * *
The vampire mosquito bites you.
* * * LOW HITPOINT WARNING * * *
The orc priest is distracted by your dazzling golden aura.
You take 9 damage, and have 10/56 hp.
You now have 16/28 mp.
The searing ray hits the vampire mosquito!
The vampire mosquito is almost destroyed.
You finish channelling your searing ray.
The vampire mosquito misses you.
The vampire mosquito closely misses you.
Casting: Searing Ray (safe; 1% risk of failure)
Confirm with . or Enter, or press ? or * to list all spells.
Aiming: Fulminant Prism (dangerous; 3% risk of failure)
Press: ? - help, Dir - move target You conjure a prism of explosive energy!
The orc priest shouts!
A fulminant prism comes into view.
The vampire mosquito bites you but does no damage. x2
You now have 12/28 mp.
The vampire mosquito is distracted by your dazzling golden aura.
Your fulminant prism crackles loudly.
Your fulminant prism explodes!
The blast of energy engulfs the vampire mosquito!
You destroy the vampire mosquito!
The orc priest is no longer distracted by gold.
You see here 4 gold pieces.
You see here 4 gold pieces.
You see here 6 gold pieces.
You see here 5 gold pieces.
The orc priest invokes the aid of Beogh against you.
Beogh smites you!
You die...
Your body crumbles into a pile of gold.

### ### ### ###.#######.#
#########.# ...#...$...#
#.........# ###.#$#####.#
#.#######.# Ky....# #.# #.# #.#
#o#.#.# #.# #.#######.# ##
#.#.### #.# #.##....#.# ..
..#.#######.###.##....#.#######..
#..>.....$o$$o..@'...............
#.#.###########.##....#.##.###.##
..#.# #.##....#.##.#..... #.#.#
#.#######.##.#.#..# ...
.............. ... #######'#.##.#
..... .............# .....
....>..=.###.# .........'....


You could see an orc warrior and an orc priest.

Vanquished Creatures
  6 yaks (D:10)
  5 vampire mosquitoes (D:10)
  A sky beast (D:6)
  An ice beast (D:5)
  2 centaurs (D:10)
  A gnoll sergeant (D:10)
  4 electric eels (D:10)
  A bullfrog zombie (D:5)
  A hound (D:6)
  3 bullfrog skeletons
  A howler monkey zombie (D:10)
  5 gnolls (D:10)
  A howler monkey skeleton (D:6)
  A dart slug (D:4)
  An orc (D:10)
  A hobgoblin (D:4)
  3 jackals (D:1)
  5 kobolds
  2 quokkas (D:5)
  2 ball pythons
  2 rats (D:1)
49 creatures vanquished.

Vanquished Creatures (others)
  8 fulminant prisms (D:10)
8 creatures vanquished.

Grand Total: 57 creatures vanquished

Notes
Turn   | Place    | Note
-------+----------+-------------------------------------------
     0 | D:1      | Psyclone the Octopode Conjurer began the quest for the Orb.
     0 | D:1      | Reached XP level 1. HP: 11/11 MP: 3/3
    59 | D:1      | Reached XP level 2. HP: 15/17 MP: 5/5
    88 | D:2      | Identified a scroll of acquirement
    88 | D:2      | Acquired the ring "Xiagas" {rElec rCorr MP+9 AC+4 Dex+4
                  | SInv}
   155 | D:1      | Learned a level 2 spell: Searing Ray
   196 | D:2      | Acquired the -2 hat of the Alchemist {rElec rPois rF+ rC+
                  | rN+ Will+ rMut rCorr}
   196 | D:2      | Found the -2 hat of the Alchemist {rElec rPois rF+ rC+ rN+
                  | Will+ rMut rCorr}
   221 | D:2      | Acquired the +3 Elemental Staff {rElec rF++ rC++ AC+5}
   221 | D:2      | Found the +3 Elemental Staff {rElec rF++ rC++ AC+5}
   251 | D:3      | Found a glowing golden altar of the Shining One.
   300 | D:4      | Acquired the ring "Vyohe" {rC+ Int+6 Dex+2 SInv Stlth+}
   345 | D:4      | Gained mutation: You are robust. (+10% HP) [potion of
                  | mutation]
   345 | D:4      | Gained mutation: You passively dampen the noise of your
                  | surroundings. [potion of mutation]
   345 | D:4      | Gained mutation: You are partially covered in iridescent
                  | scales. (AC +2) [potion of mutation]
   480 | D:4      | Reached skill level 5 in Conjurations
   480 | D:4      | Reached XP level 3. HP: 23/23 MP: 6/6
   530 | D:5      | Entered Level 5 of the Dungeon
   535 | D:5      | Reached XP level 4. HP: 29/29 MP: 7/7
   588 | D:5      | Found a shimmering blue altar of Sif Muna.
   601 | D:5      | Noticed an ice beast
   610 | D:5      | Killed an ice beast
   611 | D:5      | Reached skill level 6 in Conjurations
   611 | D:5      | Reached XP level 5. HP: 33/34 MP: 8/8
   690 | D:5      | Found an opulent altar of Gozag.
   697 | D:5      | Became a worshipper of Gozag Ym Sagoz the Greedy
   753 | D:5      | Found an iron altar of Okawaru.
   770 | D:5      | Noticed a centaur
   791 | D:5      | Noticed Menkaure
   846 | D:6      | Reached skill level 7 in Conjurations
   846 | D:6      | Reached XP level 6. HP: 37/39 MP: 9/9
   934 | D:6      | Noticed a sky beast
   941 | D:6      | Killed a sky beast
  1220 | D:9      | Acquired 1301 gold pieces
  1227 | D:9      | Acquired 1256 gold pieces
  1243 | D:9      | Acquired 1355 gold pieces
  1344 | D:10     | Entered Level 10 of the Dungeon
  1414 | D:11     | Found Reiheab's General Store.
  1417 | D:11     | Bought a scroll of acquirement for 624 gold pieces
  1430 | D:11     | Acquired the ring of the Postmodern Hells {rN+ Str-5 Int+6
                  | Dex+4}
  1511 | D:11     | Learned a level 4 spell: Fulminant Prism
  1653 | D:10     | Reached XP level 7. HP: 45/45 MP: 10/10
  1682 | D:10     | Reached skill level 8 in Conjurations
  2076 | D:10     | Found a staircase to the Orcish Mines.
  2098 | D:10     | Noticed a yak
  2102 | D:10     | Noticed a yak
  2135 | D:10     | Killed a yak
  2136 | D:10     | Reached XP level 8. HP: 35/50 MP: 8/14
  2241 | D:10     | Noticed a yak
  2241 | D:10     | Noticed a yak
  2241 | D:10     | Noticed a yak
  2241 | D:10     | Noticed a yak
  2257 | D:10     | Killed a yak
  2257 | D:10     | Killed a yak
  2257 | D:10     | Killed a yak
  2258 | D:10     | Reached skill level 5 in Spellcasting
  2258 | D:10     | Reached skill level 9 in Conjurations
  2265 | D:10     | Killed a yak
  2290 | D:10     | Killed a yak
  2464 | D:10     | Reached skill level 10 in Conjurations
  2464 | D:10     | Reached XP level 9. HP: 56/56 MP: 18/18
  2616 | D:11     | Bought the amulet of the Four Winds {rN+ Will+++ Clar} for
                  | 658 gold pieces
  2616 | D:11     | Found the amulet of the Four Winds {rN+ Will+++ Clar}
  2776 | D:10     | Killed from afar by an orc priest

Illustrated notes

Levels and vault maps discovered:
D:1:      wander_arrival_fairy_ring, layout_basic, chequers_serial_rivers_room_a
D:2:      layout_loops_ring, shapermc_ecumenical_altar_venn, uniq_natasha
D:3:      layout_loops_ring, mainiacjoe_overflow_chevrons,
          gammafunk_ghost_arena, hangedman_glass_teeth
D:4:      layout_basic, nicolae_hepliaklqana_monster_ancestors,
          due_unseen_surprise
D:5:      layout_basic, lemuel_doored_altar, overflow_temple_1_default,
          amethyst_overflow_temple_binary, minmay_manual_mess, uniq_ijyb,
          uniq_edmund, uniq_sigmund, uniq_menkaure
D:6:      layout_layer_cave, minmay_temple_entry_hall
D:7:      layout_basic, nicolae_wu_jian_immortal_techniques
D:8:      layout_rooms, lightli_temple_of_fire, minmay_lair_entry_grove,
          serial_shops, shop
D:9:      layout_cave_pools, grunt_decor_clamped
D:10:     minmay_diamond_stairs, layout_basic
D:11:     layout_gridville, serial_shops, kennysheep_mini_moat

Skill      XL: |  1  2  3  4  5  6  7  8 |
---------------+-------------------------+-----
Conjurations   | 5 6 7 8 10 | 10.7
Spellcasting   | 4 6 |  6.9
Dodging        | |  2.0
Stealth        | |  2.6

Action                   |  1- 3 |  4- 6 |  7- 9 || total
-------------------------+-------+-------+-------++-------
Melee: Dagger            |     6 |       |       ||     6
       Tentacles         |     2 |       |       ||     2
       Constrict         |     1 |       |       ||     1
       Punch             |     1 |       |       ||     1
       Staff             |       |       |     2 ||     2
 Cast: Magic Dart        |     5 |     2 |    23 ||    30
       Searing Ray       |     5 |    13 |    19 ||    37
       Fulminant Prism   |       |       |     8 ||     8
Invok: Call Merchant     |       |     4 |       ||     4
  Use: Scroll            |     4 |     5 |       ||     9
       Potion            |     1 |       |       ||     1
 Stab: Sleeping          |     1 |       |       ||     1
Armor: Skin              |     1 |     3 |    24 ||    28
Dodge: Dodged            |     5 |     7 |    38 ||    50
Block: Other             |       |     1 |     4 ||     5
       Reflection        |       |       |     1 ||     1
